 Dungeon Crawl Stone Soup version 0.25-a0-177-gd145f35b4e (webtiles) character file.

Game seed: 12244757657019443299, levelgen mode: deterministic

37 Jindul the Skirmisher (level 3, -3/29 HPs)
             Began as a Demonspawn Abyssal Knight on Nov 26, 2019.
             Was a Follower of Lugonu.
             Killed by nerve-wracking pain
             ... invoked by Grinder
              (10 damage)
             ... on level 3 of the Dungeon.
             The game lasted 00:05:29 (1741 turns).

Jindul the Skirmisher (Demonspawn Abyssal Knight)   Turns: 1741, Time: 00:05:29

Health: -3/29      AC:  2    Str: 13    XL:     3   Next: 23%
Magic:  5/5        EV: 12    Int: 13    God:    Lugonu [*.....]
Gold:   132        SH:  0    Dex: 12    Spells: 2/2 levels left

rFire    + . .     SeeInvis .   a - +1 hand axe
rCold    . . .     Gourm    .   (no shield)
rNeg     . . .     Faith    .   m - +0 robe (curse)
rPois    .         Spirit   .   (no helmet)
rElec    .         Reflect  .   (no cloak)
rCorr    .         Harm     .   (no gloves)
MR       .....                  (no boots)
Stlth    +.........             (no amulet)
HPRegen  0.09/turn              (no ring)
MPRegen  0.09/turn              o - ring of protection from fire

@: lethally poisoned (-3 -> -11)
A: powered by death 2
a: Depart the Abyss, Renounce Religion


You were on level 3 of the Dungeon.
You worshipped Lugonu.
Lugonu was aware of your devotion.
You were not hungry.

You visited 1 branch of the dungeon, and saw 3 of its levels.
You visited the Abyss 1 time.

You collected 132 gold pieces.

Inventory:

Hand Weapons
 a - a +1 hand axe (weapon)
Missiles
 e - 18 arrows
Armour
 b - a +0 leather armour
 m - a cursed +0 robe (worn)
Jewellery
 o - a ring of protection from fire (right hand)
Scrolls
 f - 4 scrolls of identify {unknown}
 g - a scroll of fear {unknown}
 i - 3 scrolls of teleportation {unknown}
 j - a scroll of fog {unknown}
 k - a scroll of noise {unknown}
 p - a scroll of remove curse {unknown}
Potions
 d - a potion of cancellation {unknown}
 h - 2 potions of heal wounds {unknown}
 n - a potion of haste {unknown}
Comestibles
 c - 6 rations


   Skills:
 + Level 3.5 Fighting
 + Level 2.1 Axes
 + Level 2.3 Armour
 + Level 1.2 Dodging
 + Level 2.7 Invocations


You had 2 spell levels left.
You didn't know any spells.
Your spell library was empty.

Dungeon Overview and Level Annotations

Branches:
Dungeon (3/15)

Altars:
Qazlal

Annotations:
D:3 Grinder


Innate Abilities, Weirdness & Mutations

You regenerate health from kills.


Message History

The adder bites you.
Grinder comes into view.
You completely miss the adder.
The adder is almost dead.
You feel sick. The adder closely misses you.
Grinder blinks!
The adder barely misses you.
You closely miss the adder.
The adder is almost dead.
The adder bites you.
Grinder says, "I used to sell toenails on the black market."
The adder misses you.
You barely miss the adder.
The adder is almost dead.
The adder bites you.
* * * LOW HITPOINT WARNING * * *
You are lethally poisoned!
The adder poisons you! Grinder gestures at you. Pain shoots through your body!
You die...

...#. ..#.# ##....
..w...## ....?.. #g##..#
.# ##S##..#
#.#.#######@.5#..#
#.#.##....%.#....#
......####.>.#.## ##
..............#
.#######.##.########.#
..)..............###.#
#####.#.............[##.#
#.##................#
#.#####.####.########


You could see Grinder, a worm, an adder and a hobgoblin.

Vanquished Creatures
  An adder (D:2)
  A dart slug (D:2)
  A giant cockroach (D:2)
  7 goblins
  2 hobgoblins
  A quokka (D:3)
  6 bats
  A frilled lizard (D:1)
  2 kobolds
  5 rats
27 creatures vanquished.

Notes
Turn   | Place    | Note
-------+----------+-------------------------------------------
     0 | Abyss:1  | Jindul the Demonspawn Abyssal Knight began the quest for
                  | the Orb.
     0 | Abyss:1  | Reached XP level 1. HP: 18/18 MP: 2/2
    56 | Abyss:1  | Noticed a lich
    62 | Abyss:1  | Noticed a raiju
    64 | D:1      | Escaped the Abyss
   401 | D:1      | Gained mutation: You regenerate a little health from kills.
                  | [demonic ancestry]
   401 | D:1      | Reached XP level 2. HP: 19/24 MP: 4/4
  1005 | D:2      | Reached * piety under Lugonu
  1312 | D:2      | Reached skill level 1 in Dodging
  1312 | D:2      | Gained mutation: You regenerate health from kills. [demonic
                  | ancestry]
  1312 | D:2      | Reached XP level 3. HP: 24/29 MP: 5/5
  1322 | D:2      | Found a stormy altar of Qazlal.
  1738 | D:3      | Noticed Grinder
  1741 | D:3      | Killed from afar by Grinder

Levels and vault maps discovered:
D:1:      minmay_arrival_four_houses, layout_basic, minmay_misc_feat_hallway
D:2:      layout_basic, lemuel_round_altar, first_ration
D:3:      layout_loops_ring, uniq_grinder

Skill      XL: |  1  2 |
---------------+-------+-----
Armour         | 2 |  2.3
Axes           | 2 |  2.1
Dodging        | 1 |  1.2
Fighting       | |  3.5
Invocations    | |  2.7

Action                   || total
-------------------------++-------
Melee: Hand axe          ||    91
Invok: Depart the Abyss  ||     1
  Eat: Chunk             ||     3
Armor: Leather armour    ||    32
       Robe              ||    10
Dodge: Dodged            ||    63

Table legend:
 A = Non-vault XP
 B = Vault XP
 C = Vault XP percentage of total XP
 D = Non-vault monster count
 E = Vault monster count
 F = Vault count percentage of total count
                 A         B        C        D         E       F
            +---------+---------+-------+---------+---------+-------
      Total |      54 |       0 |   0.0 |      27 |       0 |   0.0
            +---------+---------+-------+---------+---------+-------
        D:1 |      19 |       0 |   0.0 |      12 |       0 |   0.0
        D:2 |      27 |       0 |   0.0 |      10 |       0 |   0.0
        D:3 |       8 |       0 |   0.0 |       5 |       0 |   0.0
            +---------+---------+-------+---------+---------+-------
